 Dungeon Crawl Stone Soup version 0.31.0-12-g77e489cdc1 (webtiles) character file.

Game seed: 1022144854790059813

1799 hawla the Cutter (level 8, 0/64 HPs)
             Began as a Deep Elf Earth Elementalist on Feb 13, 2024.
             Succumbed to a redback's poison
             ... on level 5 of the Dungeon.
             The game lasted 00:24:28 (6023 turns).

hawla the Cutter (Deep Elf Earth Elementalist)      Turns: 6023, Time: 00:24:28

Health: 0/64       AC: 24    Str:  5    XL:     8   Next: 83%
Magic:  7/17       EV:  2    Int: 23    God:
Gold:   208        SH:  0    Dex: 15    Spells: 8/17 levels left

rFire   + . .        r - +2 short sword (venom)
rCold   . . .        (no shield)
rNeg    . . .        a - melded +1 robe
rPois   +            (helmet currently unavailable)
rElec   .            o - melded +1 cloak
rCorr   .            (gloves currently unavailable)
SInv    .            i - melded +1 pair of boots
Will    .....        (no amulet)
Stlth   +++          n - ring of protection from fire
HPRegen 0.30/turn    (no ring)
MPRegen 0.15/turn

%: no passive effects
@: mighty, brilliant, lethally poisoned (0 -> -13), tree-form, attractive
A: stationary, stasis, torment immunity, boosted hp
a: no special abilities


You were on level 5 of the Dungeon.
You were a tree.
You visited 1 branch of the dungeon, and saw 5 of its levels.
You also visited: Sewer.

You collected 208 gold pieces.

Inventory:

Hand Weapons
 r - a +2 short sword of venom (weapon)
Armour
 a - a +1 robe (melded)
 i - a +1 pair of boots (melded)
 o - a +1 cloak (melded)
Jewellery
 e - a ring of fire
 n - a ring of protection from fire (left branch)
Talismans
 u - a maw talisman
Scrolls
 l - a scroll of teleportation
 m - a scroll of poison
 p - 2 scrolls of fear
 q - a scroll of blinking
 s - a scroll of enchant weapon {unknown}
Potions
 b - a potion of magic
 d - a potion of haste


   Skills:
 - Level 1.0 Fighting
 - Level 6.4 Short Blades
 + Level 6.2 Dodging
 - Level 4.0 Stealth
 - Level 5.0 Spellcasting
 - Level 3.0 Conjurations
 - Level 4.0 Air Magic
 - Level 6.0 Earth Magic


You had 8 spell levels left.
You knew the following spells:

 Your Spells              Type           Power      Damage    Failure   Level
a - Sandblast             Erth           100%       2d20      1%          1
b - Brom's Barrelling Bo  Conj/Erth      39%        2d6       14%         4
c - Airstrike             Air            18%        2d(3-19)  19%         4

Your spell library contained the following spells:

 Spells                   Type           Power      Damage    Failure   Level
 Shock                    Conj/Air       100%       1d9       2%          1
 Passwall                 Erth           50%        N/A       2%          3
 Stone Arrow              Conj/Erth      78%        3d11      4%          3
 Swiftness                Air            36%        N/A       5%          3
 Sublimation of Blood     Necr           8%         N/A       14%         2
 Petrify                  Alch/Erth      29%        N/A       26%         4
 Fugue of the Fallen      Necr           8%         N/A       28%         3
 Ozocubu's Armour         Ice            8%         N/A       28%         3
 Manifold Assault         Tloc           8%         N/A       67%         4
 Irradiate                Conj/Alch      9%         3d14      80%         5


Dungeon Overview and Level Annotations

Branches:
Dungeon (5/15)              Sewer (visited)
 Temple: D:4-7

Altars:
Kikubaaqudgha

Shops:
D:3 *

Annotations:
D:5 2 runed translucent doors


Message History

The redback bites you.
* * * LOW HITPOINT WARNING * * *
The water moccasin bites you but does no damage.
The redback bites you but does no damage.
You feel much better.
You feel extremely sick.
The redback bites you but does no damage.
The redback bites you.
The water moccasin bites you but does no damage.
Unknown command.
Casting: Sandblast (safe; 1% risk of failure)
Confirm with . or Enter, or press ? or * to list all spells.
Aiming: Sandblast (safe; 1% risk of failure)
Press: ? - help, Shift-Dir - straight line, f - redback, p - redback
Aim: a redback (82% to hit)
You feel a surge of power!
The blast of sand hits the redback!!
You kill the redback!
* * * LOW HITPOINT WARNING * * *
You feel extremely sick.
The redback bites you but does no damage.
The water moccasin bites you.
* * * LOW HITPOINT WARNING * * *
The redback bites you but does no damage.
Training target 4.0 for Air Magic reached!
Your Air Magic skill increases to level 4!
You need to enable at least one skill for training.
It was a potion of might.
You feel very mighty all of a sudden.
* * * LOW HITPOINT WARNING * * *
You feel very sick. The redback bites you.
* * * LOW HITPOINT WARNING * * *
The water moccasin bites you.
* * * LOW HITPOINT WARNING * * *
The water moccasin barely misses you.
The redback bites you but does no damage.
The water moccasin bites you but does no damage.
It was a potion of attraction.
You feel attractive to monsters.
You die...

########## ##........##
#..######.[##
##.##....##..##
##..#.....+##..#######
#..##.....#y##...#...#
#..#..ss.##..###......
#..###s###yy..y####...
#....♣S!$#yyy.y.+)####
#..###S###yyy..####...
#..#..sS.##..###......
#..##.S...#.##....##..
#...#.....+##.........
#...##....##..........
##....######...........
#...#..................
#.......###..(.........


You could see 3 water moccasins, a redback, 3 scorpions, 8 killer bees and an
adder.

Vanquished Creatures
  2 redbacks (D:5)
  Pargi (Sewer)
  An ogre (D:5)
  2 lemures (D:4)
  2 brain worms (Sewer)
  4 scorpions
  A bombardier beetle (D:4)
  2 jellies (D:5)
  Crazy Yiuf (D:3)
  An iguana (D:5)
  Natasha (thrice) (D:2)
  2 orc wizards (D:3)
  7 gnolls (D:4)
  4 adders
  A white imp (D:5)
  3 dart slugs (D:2)
  5 ribbon worms
  6 orcs (D:3)
  7 endoplasms
  3 giant cockroaches
  3 goblins
  5 hobgoblins
  11 jackals
  3 quokkas
  12 ball pythons
  5 bats
  5 frilled lizards
  8 kobolds
  23 rats
133 creatures vanquished.

Vanquished Creatures (collateral kills)
  Pikel (D:4)
  5 boulders
6 creatures vanquished.

Vanquished Creatures (others)
  6 boulders
6 creatures vanquished.

Grand Total: 145 creatures vanquished

Notes
Turn   | Place    | Note
-------+----------+-------------------------------------------
     0 | D:1      | hawla the Deep Elf Earth Elementalist began the quest for
                  | the Orb.
     0 | D:1      | Reached XP level 1. HP: 10/10 MP: 6/6
   112 | D:1      | Reached skill level 1 in Fighting
   173 | D:1      | Reached XP level 2. HP: 12/16 MP: 4/8
   259 | D:1      | Found a faded altar of an unknown god.
  1033 | D:2      | Reached XP level 3. HP: 20/20 MP: 6/9
  1150 | D:2      | Noticed Natasha
  1159 | D:2      | Killed Natasha
  1331 | D:2      | Reached XP level 4. HP: 25/25 MP: 8/10
  1337 | D:2      | Learned a level 4 spell: Brom's Barrelling Boulder
  1527 | D:2      | Noticed Natasha
  1547 | D:2      | Killed Natasha
  1648 | D:2      | Noticed Natasha
  1655 | D:2      | Killed Natasha
  1844 | D:2      | Reached XP level 5. HP: 29/29 MP: 8/11
  3131 | D:3      | Found an ancient bone altar of Kikubaaqudgha.
  3171 | D:3      | Found Atiastroa's General Store.
  3253 | D:3      | Found a runed translucent door.
  3254 | D:3      | Noticed Crazy Yiuf
  3299 | D:3      | Killed Crazy Yiuf
  3300 | D:3      | Reached XP level 6. HP: 34/34 MP: 2/12
  3661 | D:4      | Reached skill level 5 in Earth Magic
  3945 | D:4      | Found a glowing drain.
  3956 | Sewer    | Entered a sewer
  3961 | Sewer    | Reached skill level 5 in Dodging
  4056 | Sewer    | Noticed Pargi
  4059 | Sewer    | Killed Pargi
  4086 | Sewer    | Reached XP level 7. HP: 30/38 MP: 8/13
  4482 | D:4      | Reached skill level 1 in Short Blades
  4575 | D:4      | Noticed Pikel
  4599 | D:5      | Entered Level 5 of the Dungeon
  4817 | D:4      | Killed Pikel
  4818 | D:4      | Reached XP level 8. HP: 8/43 MP: 10/14
  5333 | D:4      | Learned a level 4 spell: Airstrike
  5586 | D:5      | Found the +9 staff of Olgreb {rPois∞}
  5862 | D:5      | Found a runed translucent door.
  5868 | D:5      | Found a runed translucent gate.
  5870 | D:5      | Found a runed translucent gate.
  5870 | D:5      | Found a runed translucent gate.
  5879 | D:5      | Found a runed translucent door.
  6012 | D:5      | Reached skill level 5 in Spellcasting
  6018 | D:5      | HP: 2/64 [redback (9)]
  6023 | D:5      | Succumbed to a redback's poison

Illustrated notes

Levels and vault maps discovered:
D:1:      amcnicky_arrival_flooded_fountain, layout_basic,
          hellmonk_ecumenical_altar_inner_sanctum
D:2:      cheibrodos_helix_gallery, layout_basic, uniq_natasha
D:3:      layout_loops_ring, lemuel_crystal_altar, serial_shops, shop,
          grunt_ministairs_11, minmay_rat_hole, uniq_crazy_yiuf_cottage
D:4:      layout_cave_pods, cheibrodos_sewer_entry_bend, uniq_pikel
D:5:      layout_cave_pools, minmay_guarded_unrand_staff_of_olgreb

Skill      XL: |  1  2  3  4  5  6  7  8 |
---------------+-------------------------+-----
Fighting       | 1 |  1.0
Conjurations   | 2 3 |  3.0
Stealth        | 4 |  4.0
Dodging        | 3 4 5 6 |  6.2
Earth Magic    | 4 5 6 |  6.0
Short Blades   | 6 |  6.4
Air Magic      | 4 |  4.0
Spellcasting   | 5 |  5.0

Action                     |  1- 3 |  4- 6 |  7- 9 || total
---------------------------+-------+-------+-------++-------
  Melee: Unarmed           |       |    17 |       ||    17
         Short sword       |       |       |    32 ||    32
         Punch             |       |       |     1 ||     1
   Cast: Sandblast         |    46 |    93 |    48 ||   187
         Brom's Barrelling |       |     9 |     9 ||    18
    Use: Scroll            |     2 |     4 |     9 ||    15
         Potion            |       |     2 |     7 ||     9
   Stab: Sleeping          |       |       |     2 ||     2
 Armour: Robe              |    11 |    47 |    32 ||    90
         Skin              |       |       |    64 ||    64
  Dodge: Dodged            |     4 |    46 |    55 ||   105
